cohdb
Replays
Latest Replays
All Replays
Popular Replays
Top Player Replays
Match Explorer
How It Works
Community
CoH3 Stats
Reddit
Sign in to upload your games and track your stats! →
Sign in with Steam
Match 43057696
Unlisted
Match 43057696
Overview
Messages
Build Orders
End
Kettenkrad Recon Vehicle
Construct Infanterie Kompanie
Grenadier Squad
Selects Breakthrough Battlegroup
Selects Assault Grenadiers
Grenadier Squad
MG 42 Machine Gun Team
Grenadier Squad
Construct Luftwaffe Kompanie
Medical Station
Jäger Squad
Flak 30 Anti-aircraft Gun Team
Support Elements
Kettenkrad Recon Vehicle
Selects Breakthrough
Selects Mechanized Assault Group
Wirbelwind Flakpanzer
MG 42 Machine Gun Team
Infanterie Officer Quarters
Breakthrough
Construct Panzer Kompanie
Wirbelwind Flakpanzer
Jäger Squad
AI Takeover
[ING] Ingvarplay
matrix4x4
0
0
Comments
sign in to comment!
No comments posted yet!